 Dungeon Crawl Stone Soup version 0.19.1 (webtiles) character file.

198 dvd the Conjurer (level 5, -4/28 HPs)
             Began as a Deep Elf Conjurer on Dec 4, 2016.
             Slain by a river rat (7 damage)
             ... in a sewer.
             The game lasted 00:08:20 (2923 turns).

dvd the Conjurer (Deep Elf Conjurer)                Turns: 2923, Time: 00:08:21

Health: -4/28      AC:  2    Str:  5    XL:     5   Next: 47%
Magic:  2/14       EV: 13    Int: 21    God:
Gold:   76         SH:  0    Dex: 15    Spells: 4 memorised, 3 levels left

rFire  . . .     SeeInvis .     h - +0 dagger
rCold  . . .     Gourm    .     a - +0 robe
rNeg   . . .     Faith    .     (no shield)
rPois  .         Spirit   .     (no helmet)
rElec  .         Reflect  .     (no cloak)
rCorr  .         Harm     .     (no gloves)
MR     .....                    (no boots)
Stlth  +.........               (no amulet)
                                (no ring)
                                (no ring)

@: no status effects
A: no striking features
a: no special abilities


You were in a sewer.
You were not hungry.

You visited 1 branch of the dungeon, and saw 3 of its levels.
You also visited: Sewer.

You collected 76 gold pieces.

Inventory:

Hand Weapons
 h - a +0 dagger (weapon)
Armour
 a - a +0 robe (worn)
Scrolls
 d - 2 scrolls of enchant weapon {unknown}
 e - 2 scrolls of teleportation {unknown}
 i - a scroll of blinking {unknown}
 j - a scroll of noise {unknown}
 l - a scroll of identify {unknown}
 n - a scroll of random uselessness {unknown}
 o - a scroll of fear {unknown}
 p - a scroll of remove curse {unknown}
Potions
 f - 2 potions of resistance {unknown}
 g - a potion of curing {unknown}
 m - a potion of agility {unknown}
Books
 b - a book of Conjurations

   Spells                             Type                      Level
   a - Magic Dart                     Conjuration                  1
   b - Searing Ray                    Conjuration                  2
   c - Dazzling Spray                 Conjuration/Hexes            3
   d - Fulminant Prism                Conjuration/Hexes            4
   e - Iskenderun's Mystic Blast      Conjuration                  4
   f - Iskenderun's Battlesphere      Conjuration/Charms           5
Comestibles
 c - 2 bread rations
 k - 5 chunks of flesh
 q - 3 fruits


   Skills:
 + Level 3.0 Dodging
 + Level 3.4 Stealth
 + Level 4.8 Spellcasting
 + Level 5.9 Conjurations
 + Level 1.3 Hexes


You had 3 spell levels left.
You knew the following spells:

 Your Spells              Type           Power        Failure   Level  Hunger
a - Magic Dart            Conj           ####         1%          1    None
b - Searing Ray           Conj           ####..       1%          2    None
c - Dazzling Spray        Conj/Hex       ###...       10%         3    ##.....
d - Iskenderun's Mystic   Conj           ####....     12%         4    ####...


Dungeon Overview and Level Annotations

Branches:
Dungeon (3/15)

Altars:
Okawaru


Message History

Aiming: Iskenderun's Mystic Blast
Press: ? - help, Shift-Dir - straight line, f/p - rat
Aim: a rat The orb of energy hits the rat.
You kill the rat!
The river rat bites you. x2
Unknown command.
Casting: Iskenderun's Mystic Blast
Confirm with . or Enter, or press ? or * to list all spells.
Aiming: Iskenderun's Mystic Blast
Press: ? - help, Shift-Dir - straight line, f - river rat
Aim: a river rat (severely wounded)
The orb of energy hits the river rat.
The river rat is severely wounded.
The river rat bites you!
Unknown command.
The river rat bites you!
* * * LOW HITPOINT WARNING * * *
The river rat bites you!
You die...

#≈≈≈≈≈≈#
#≈≈≈≈≈≈#
#≈≈≈≈≈≈#
#≈≈≈≈≈≈#
#≈≈≈≈.≈#
#≈≈≈≈≈≈#
#≈.≈≈≈≈#
#≈≈≈≈≈≈#
#≈≈≈@≈≈#
#≈≈rrr≈#
#≈≈rr≈≈#
#≈≈†≈≈≈#
##≈.≈..#
......#
......##
.......#
.......##


You could see 4 river rats and a rat.

Vanquished Creatures
  5 gnolls
  6 adders
  3 worms (D:2)
  3 leopard geckos
  4 orcs (D:3)
  3 ball pythons
  8 giant cockroaches
  10 goblins
  3 hobgoblins
  5 jackals
  A quokka (D:2)
  9 bats
  11 kobolds
  11 rats
82 creatures vanquished.

Notes
Turn   | Place    | Note
-------+----------+-------------------------------------------
     0 | D:1      | dvd the Deep Elf Conjurer began the quest for the Orb.
     0 | D:1      | Reached XP level 1. HP: 10/10 MP: 6/6
   220 | D:1      | Reached XP level 2. HP: 15/15 MP: 0/8
   296 | D:1      | Learned a level 2 spell: Searing Ray
   499 | D:1      | Reached skill level 5 in Conjurations
   623 | D:1      | Reached XP level 3. HP: 19/19 MP: 7/10
   651 | D:1      | Learned a level 3 spell: Dazzling Spray
  1464 | D:2      | Reached XP level 4. HP: 19/24 MP: 8/11
  1473 | D:2      | Learned a level 4 spell: Iskenderun's Mystic Blast
  2012 | D:2      | Found an iron altar of Okawaru.
  2279 | D:2      | Reached XP level 5. HP: 28/28 MP: 10/13
  2651 | D:2      | Reached skill level 1 in Hexes
  2831 | D:3      | Found a glowing drain.
  2904 | Sewer    | Entered a sewer
  2923 | Sewer    | Slain by a river rat

Skill      XL: |  1  2  3  4  5 |
---------------+----------------+-----
Conjurations   | 5 |  5.9
Stealth        | 3 |  3.4
Spellcasting   | 4 |  4.8
Dodging        | 3 |  3.0
Hexes          | 1 |  1.3

Action                   |  1- 3 |  4- 6 || total
-------------------------+-------+-------++-------
Melee: Unarmed           |     1 |       ||     1
       Dagger            |     5 |    15 ||    20
 Cast: Magic Dart        |    25 |    11 ||    36
       Searing Ray       |    12 |    19 ||    31
       Dazzling Spray    |     4 |    13 ||    17
       Iskenderun's Myst |       |     4 ||     4
 Stab: Sleeping          |     2 |     6 ||     8
       Invisible         |       |     1 ||     1
  Eat: Chunk             |     2 |     6 ||     8
Armor: Robe              |     5 |     4 ||     9
Dodge: Dodged            |    20 |    22 ||    42
